 Dungeon Crawl Stone Soup version 0.18-a0-1526-gcb34c7c (console) character file.

11643 utis the Grappler (level 11, -9/105 HPs)
             Began as a Troll Chaos Knight on Mar 8, 2016.
             Mangled by an entropy weaver (10 damage)
             ... on level 10 of the Dungeon.
             The game lasted 00:37:14 (9658 turns).

utis the Grappler (Troll Chaos Knight)              Turns: 9658, Time: 00:37:14

Health: -9/105     AC:  6    Str: 22    XL:     11   Next: 52%
Magic:  14/14      EV:  9    Int: 10    God:    Xom [......]
Gold:   718        SH:  0    Dex: 10    Spells: 3 memorised, 7 levels left

rFire  + . .     SeeInvis .       - Unarmed
rCold  + . .     Gourm    +     N - +2 fire dragon armour
rNeg   . . .     Faith    .     (no shield)
rPois  .         Spirit   .     (helmet restricted)
rElec  .         Dismiss  .     (no cloak)
rCorr  .         Reflect  .     (gloves unavailable)
SustAt .         Harm     .     (boots unavailable)
MR     .....                    (no amulet)
Stlth  ..........               I - +2 ring of intelligence
                                C - ring of ice

@: corroded equipment, not resistant to hostile enchantments, extremely
unstealthy
A: unfitting armour, claws 3, clumsy 1, cold resistance 1, fast metabolism 3,
gourmand, regeneration 2, shaggy fur 1, tough skin 2
a: Renounce Religion


You were on level 10 of the Dungeon.
You worshipped Xom.
You were a very special plaything of Xom.
You were very full.

You visited 1 branch of the dungeon, and saw 11 of its levels.
You also visited: Ossuary.

You collected 718 gold pieces.

Inventory:

Hand Weapons
 b - a +0 hand crossbow
 o - a +3 demon trident of venom
 O - a +2 whip of electrocution
Missiles
 e - 25 steel sling bullets
 h - 301 stones (quivered)
 i - 7 curare-tipped needles {=f}
 l - 11 exploding sling bullets
 p - 209 bolts
 x - 22 poisoned needles
 z - 13 tomahawks
 A - 17 sling bullets
 D - 6 needles of confusion
 L - 78 arrows
 P - 9 arrows of frost
 Q - 3 needles of paralysis
 T - 12 arrows of flame
 Y - 6 poisoned tomahawks
Armour
 a - a +2 robe
 d - the +0 pair of gloves "Miylopup" {rF+ Int+6, unknown}
   (You found it on level 10 of the Dungeon)

   It affects your intelligence (+6).
   It protects you from fire.
 N - a +2 fire dragon armour (worn)
Jewellery
 k - an uncursed ring of resist corrosion
 C - a ring of ice (left claw)
 E - a +1 ring of evasion
 I - a +2 ring of intelligence (right claw)
Wands
 u - a wand of iceblast (11/15)
 y - a wand of digging (21/24)
Scrolls
 j - 2 scrolls of amnesia
 n - 2 scrolls of immolation {unknown}
 r - 4 scrolls of teleportation {@r4}
 t - 3 scrolls of recharging
 G - a scroll of blinking {unknown}
 K - a scroll of vulnerability {unknown}
 S - a scroll of fog
 U - a scroll of enchant weapon {unknown}
Potions
 c - 3 potions of lignification
 m - 3 potions of magic
 v - 8 potions of curing {@q1}
 B - a potion of cure mutation {!q}
 H - a potion of mutation {!q}
 J - 3 potions of brilliance
 W - a potion of ambrosia {unknown}
 Z - a potion of cancellation {unknown}
Books
 F - a book of Spatial Translocations

   Spells                             Type                      Level
   a - Apportation                    Translocation                1
   b - Blink                          Translocation                2
   c - Shroud of Golubria             Charms/Translocation         2
   d - Portal Projectile              Translocation                3
   e - Teleport Other                 Translocation                3
   f - Passage of Golubria            Translocation                4
Comestibles
 f - 6 meat rations {@e1}
 g - 5 slices of pizza {@e2}
 q - 8 bread rations {@e1}
 s - 24 fruits {@e2}
 M - 9 chunks of flesh


   Skills:
 - Level 6.1 Fighting
 - Level 4.8 Armour
 - Level 6.1 Dodging
 - Level 11.7 Unarmed Combat
 + Level 2.9 Spellcasting
 * Level 5.2 Translocations
 - Level 1.6 Evocations


You had 7 spell levels left.
You knew the following spells:

 Your Spells              Type           Power        Failure   Level  Hunger
d - Passage of Golubria   Tloc           N/A          93%         4    #####..
g - Shroud of Golubria    Chrm/Tloc      #.........   52%         2    ###....
v - Blink                 Tloc           N/A          17%         2    ###....


Dungeon Overview and Level Annotations

Branches:
Dungeon (11/15)            Temple (0/1) D:5            Lair (0/8) D:10
    Orc: D:9-12

Altars:
Ashenzari
Cheibriados
Dithmenos
Elyvilon
Fedhas
Gozag
Nemelex Xobeh
Okawaru
Pakellas
Sif Muna
Xom
Yredelemnul

Shops:
D:7 [   D:9 %

Portals:
Labyrinth: D:11

Annotations:
D:6 5 exclusions, Prince Ribbit
D:11 Snorg


Innate Abilities, Weirdness & Mutations

You are too large for most types of armour.
You have claws for hands.
Your metabolism is lightning-fast.
You like to eat raw meat.
You heal very quickly.
You are covered in fur (AC +1).
You have very tough skin (AC +2).
You are clumsy. (Dex -2)
Your flesh is cold resistant.


Message History

You closely miss the entropy weaver.
The entropy weaver is heavily wounded.
The entropy weaver hits you.
* * * LOW HITPOINT WARNING * * *
The entropy weaver hits you.
* * * LOW HITPOINT WARNING * * *
The entropy weaver hits you!
* * * LOW HITPOINT WARNING * * *
The entropy weaver hits you!
* * * LOW HITPOINT WARNING * * *
You claw the entropy weaver!
The entropy weaver is heavily wounded.
The entropy weaver hits you.
* * * LOW HITPOINT WARNING * * *
The entropy weaver hits you but does no damage.
The entropy weaver hits you!
* * * LOW HITPOINT WARNING * * *
The entropy weaver hits you!
You die...
Xom cackles wildly!

.░ ░.░ ░.░ .░ ░.░ ░.░
.░ ░.░ ░.░ .░ ░†░ ░.░
.░ ░.░ ░.░ .░ ░░)░ ░[░
░░ ▓▓▓▓..▓▓▓▓ ░)░ ░
▓..▓''▓..▓ ░>░
░░░░▓.▓....▓[▓░░T░░░░░
....▓▓......▓▓..p....░
>....'......'........░
.....'......'........░
....▓▓......▓▓.......░
....▓.▓....▓.▓.......░
░░░░▓.)▓''▓..▓.......░
▓▓▓▓..▓▓▓▓░░░░░░░░
░░░░


You could see an entropy weaver.

Vanquished Creatures
  Maud (D:11)
  An ice dragon (D:11)
  The ghost of bl4d3 the Fighter, a novice GrFi of the Shining One (D:8)
  2 hill giants
  Pikel (D:7)
  2 ugly things
  The ghost of utis the Ducker, a novice DEEE of Elyvilon (D:6)
  An efreet (D:10)
  2 two-headed ogres
  Grinder (D:6)
  3 humans (D:7)
  A hungry ghost (D:10)
  A steam dragon (D:10)
  A hippogriff (D:9)
  A naga (shapeshifter) (D:11)
  Duvessa (D:5)
  3 ice beasts
  2 sky beasts
  2 orc warriors
  A slave (D:7)
  3 black bears
  A phantom (D:7)
  2 ogres
  5 centaurs
  2 crocodiles (D:10)
  3 big kobolds
  3 giant frogs
  Dowan (D:5)
  A water moccasin zombie (Ossuary)
  A scorpion (D:10)
  A water moccasin skeleton (D:7)
  12 killer bees
  5 wights
  3 howler monkeys (D:7)
  An electric eel (D:7)
  5 crimson imps
  A centaur zombie (Ossuary)
  2 jellies
  A wasp zombie (Ossuary)
  5 giant frog zombies
  9 hounds
  3 orc wizards
  An orc priest (D:3)
  A giant frog skeleton (D:7)
  An iguana (D:5)
  6 worker ants
  A hell rat (shapeshifter) (D:9)
  A killer bee zombie (Ossuary)
  7 hound zombies
  3 hound skeletons
  15 mummies (Ossuary)
  A howler monkey zombie (D:9)
  2 worker ant zombies (Ossuary)
  A howler monkey skeleton (D:4)
  6 gnolls
  11 adders
  2 river rats (D:10)
  A shadow imp (D:10)
  5 adder zombies (Ossuary)
  2 worms
  2 dart slugs (D:1)
  7 giant geckos
  13 orcs
  11 bats
  3 giant cockroaches
  7 goblins
  9 hobgoblins
  10 jackals
  13 kobolds
  2 quokkas
  A ball python (D:7)
  2 giant cockroach zombies (Ossuary)
  A giant gecko zombie (Ossuary)
  4 giant newts
  2 jackal skeletons
  14 rats
267 creatures vanquished.

Vanquished Creatures (collateral kills)
  A human (D:7)
  A hippogriff (D:9)
  2 howler monkeys (D:9)
  A worker ant (D:7)
  An orc (D:9)
6 creatures vanquished.

Vanquished Creatures (others)
  A worker ant zombie (D:7)
  An orc (D:7)
  A jackal (D:11)
  A withered plant (Ossuary)
4 creatures vanquished.

Grand Total: 277 creatures vanquished

Notes
Turn   | Place    | Note
--------------------------------------------------------------
     0 | D:1      | utis the Troll Chaos Knight began the quest for the Orb.
     0 | D:1      | Reached XP level 1. HP: 22/22 MP: 0/0
    82 | D:1      | XOM: silly message
    92 | D:1      | XOM: potion effect (agility)
   204 | D:1      | Reached XP level 2. HP: 22/29 MP: 1/1
   323 | D:1      | Reached skill level 4 in Unarmed Combat
   468 | D:1      | XOM: harmless Necr miscast
   494 | D:1      | XOM: mild Pois miscast
   556 | D:1      | Reached XP level 3. HP: 36/36 MP: 2/2
  1154 | D:2      | Reached XP level 4. HP: 44/44 MP: 3/3
  1156 | D:2      | Reached skill level 5 in Unarmed Combat
  1478 | D:2      | XOM: cast spell 'Spider Form'
  1608 | D:3      | XOM: colour smoke trail
  1861 | D:3      | XOM is BORED!
  1861 | D:3      | XOM: noise
  1922 | D:3      | Found an oddly glowing altar of Pakellas.
  1922 | D:3      | Found a shattered altar of Ashenzari.
  1922 | D:3      | XOM: 6-stop teleportation journey
  2028 | D:3      | Found a snail-covered altar of Cheibriados.
  2029 | D:3      | Found a blossoming altar of Fedhas.
  2029 | D:3      | Found a basalt altar of Yredelemnul.
  2029 | D:3      | Found a shimmering altar of Xom.
  2056 | D:3      | Reached XP level 5. HP: 39/50 MP: 4/4
  2168 | D:3      | Found a shadowy altar of Dithmenos.
  2173 | D:3      | Found a white marble altar of Elyvilon.
  2274 | D:3      | Reached skill level 6 in Unarmed Combat
  2445 | D:3      | XOM: vitrification
  2523 | D:3      | Found a deep blue altar of Sif Muna.
  2732 | D:4      | XOM: swap monsters
  2733 | D:4      | XOM: confuse monster(s)
  2767 | D:4      | XOM: potion effect (might)
  2908 | D:4      | Reached XP level 6. HP: 56/59 MP: 5/5
  3030 | D:4      | XOM: summons 1 hostile demon
  3123 | D:5      | Entered Level 5 of the Dungeon
  3149 | D:5      | XOM: divination: detect creatures
  3292 | D:5      | XOM is BORED!
  3292 | D:5      | XOM: 3-stop teleportation journey
  3326 | D:5      | Found an opulent altar of Gozag.
  3403 | D:5      | Noticed Duvessa
  3411 | D:5      | Noticed Dowan
  3423 | D:5      | Killed Duvessa
  3423 | D:5      | Reached skill level 7 in Unarmed Combat
  3428 | D:5      | Killed Dowan
  3428 | D:5      | Reached XP level 7. HP: 58/67 MP: 6/6
  3493 | D:5      | Found a staircase to the Ecumenical Temple.
  3688 | D:5      | XOM: destruction
  3773 | D:6      | Found a sand-covered staircase.
  3785 | Ossuary  | Entered an ossuary
  3823 | Ossuary  | XOM: divination: detect items
  3823 | Ossuary  | XOM: butterfly on damage
  3938 | Ossuary  | Reached skill level 8 in Unarmed Combat
  3963 | Ossuary  | XOM: enchant monster (good)
  4050 | Ossuary  | Reached XP level 8. HP: 54/75 MP: 7/7
  4155 | Ossuary  | XOM: enchant monster (bad)
  4206 | Ossuary  | XOM: medium Hex miscast
  4314 | D:6      | Found a blossoming altar of Fedhas.
  4389 | D:6      | XOM: confuse monster(s)
  4392 | D:6      | Reached skill level 9 in Unarmed Combat
  4487 | D:6      | XOM: give mutation
  4487 | D:6      | Gained mutation: Your flesh is cold resistant. [Xom's grace]
  4491 | D:6      | Learned a level 2 spell: Blink
  4537 | D:6      | Noticed utis's ghost (novice DEEE)
  4557 | D:6      | Killed utis's ghost
  4557 | D:6      | Reached skill level 1 in Armour
  4782 | D:6      | XOM: 3-stop teleportation journey
  4817 | D:6      | Noticed Prince Ribbit
  4817 | D:6      | XOM: summons 8 friendly demons
  4887 | D:6      | Noticed Grinder
  4899 | D:6      | Killed Grinder
  4899 | D:6      | Reached XP level 9. HP: 71/85 MP: 8/8
  4917 | D:6      | XOM: noise
  5206 | D:7      | Found Ickigi's Armour Boutique.
  5300 | D:7      | XOM: summons 3 hostile shadow creatures
  5318 | D:7      | XOM: polymorph something unseen -> scorpion
  5341 | D:7      | XOM: confusion (+ monsters)
  5347 | D:7      | XOM: draining
  5357 | D:7      | Reached skill level 5 in Dodging
  5453 | D:7      | Noticed Pikel
  5457 | D:7      | XOM: 2-stop teleportation journey
  5462 | D:7      | XOM: harmless Necr miscast
  5524 | D:7      | Reached skill level 10 in Unarmed Combat
  5569 | D:7      | XOM: harmless Pois miscast
  5607 | D:7      | XOM: silly message
  5611 | D:7      | XOM: 1-stop teleportation journey
  5682 | D:7      | XOM: enchant monster (bad)
  5796 | D:7      | XOM: silly message
  5834 | D:7      | XOM: silly message
  5837 | D:7      | XOM: enchant monster (good)
  5871 | D:7      | XOM: 7-stop teleportation journey
  5881 | D:7      | XOM: vitrification
  5946 | D:7      | Reached skill level 5 in Fighting
  5986 | D:7      | XOM: 1-stop teleportation journey
  6008 | D:7      | Found a sparkling altar of Nemelex Xobeh.
  6021 | D:7      | XOM: vitrification
  6067 | D:7      | XOM: confusion
  6071 | D:7      | XOM: summons 8 friendly demons
  6159 | D:7      | XOM: medium Pois miscast
  6227 | D:7      | XOM: harmless Hex miscast
  6283 | D:7      | XOM: harmless Divn miscast
  6616 | D:7      | XOM: potion effect (heal wounds)
  6619 | D:7      | XOM: confusion
  6623 | D:7      | XOM: potion effect (haste)
  6650 | D:7      | Killed Pikel
  6650 | D:7      | Reached XP level 10. HP: 80/96 MP: 9/9
  7080 | D:8      | Noticed bl4d3's ghost (novice GrFi)
  7102 | D:8      | XOM: summons friendly ufetubus
  7104 | D:8      | XOM: summons friendly crimson imp
  7110 | D:8      | Killed bl4d3's ghost
  7110 | D:8      | Reached skill level 11 in Unarmed Combat
  7197 | D:8      | Found an opulent altar of Gozag.
  7486 | D:9      | XOM: swap monsters
  7489 | D:9      | XOM: enchant monster (good)
  7586 | D:9      | XOM: vitrification
  7629 | D:9      | XOM: polymorph killer bee -> river rat
  7635 | D:9      | XOM: smoke on damage
  7644 | D:9      | XOM: confuse monster(s)
  7680 | D:9      | Found an iron altar of Okawaru.
  7692 | D:9      | Noticed a white ugly thing
  7693 | D:9      | XOM: swap monsters
  7703 | D:9      | Reached skill level 1 in Evocations
  7717 | D:9      | Killed a white ugly thing
  7766 | D:9      | Found Dufan's Food Shop.
  7913 | D:9      | XOM: colour smoke trail
  7990 | D:9      | XOM: harmless Air miscast
  8114 | D:9      | XOM: divination: detect creatures
  8199 | D:9      | Learned a level 4 spell: Passage of Golubria
  8202 | D:9      | Learned a level 2 spell: Shroud of Golubria
  8247 | D:10     | Entered Level 10 of the Dungeon
  8316 | D:10     | Reached skill level 1 in Translocations
  8385 | D:10     | XOM: confusion (+ monsters)
  8623 | D:10     | Reached skill level 1 in Spellcasting
  8679 | D:10     | Got a pair of twisted gloves
  8816 | D:10     | Noticed a purple ugly thing
  8825 | D:10     | XOM: mild Ice miscast
  8840 | D:10     | Killed a purple ugly thing
  8840 | D:10     | Reached XP level 11. HP: 90/105 MP: 10/12
  8850 | D:10     | Found a staircase to the Lair.
  9011 | D:10     | XOM: mild Summ miscast
  9029 | D:10     | XOM: mild Hex miscast
  9060 | D:10     | XOM: chaos upgrade
  9191 | D:11     | Noticed Maud
  9208 | D:11     | Killed Maud
  9220 | D:11     | Noticed a hill giant
  9227 | D:11     | Killed a hill giant
  9260 | D:11     | Found a labyrinth entrance.
  9268 | D:11     | Noticed an eight-headed hydra
  9271 | D:11     | XOM: destruction
  9274 | D:11     | XOM: blink monster(s)
  9277 | D:11     | Noticed Snorg
  9279 | D:11     | Noticed an ice dragon
  9279 | D:11     | an eight-headed hydra changed into an ice dragon
  9279 | D:11     | XOM: polymorph eight-headed hydra -> ice dragon
  9289 | D:11     | XOM: polymorph big kobold -> naga
  9410 | D:11     | XOM: potion effect (invisibility)
  9417 | D:11     | Noticed a white ugly thing
  9419 | D:11     | Killed an ice dragon
  9421 | D:11     | Noticed a hill giant
  9429 | D:11     | XOM: harmless Trmt miscast
  9432 | D:11     | XOM: harmless Fire miscast
  9434 | D:11     | XOM: potion effect (curing)
  9458 | D:11     | Noticed an entropy weaver
  9458 | D:11     | a white ugly thing changed into an entropy weaver
  9458 | D:11     | XOM: polymorph white ugly thing -> entropy weaver
  9469 | D:10     | Killed a hill giant
  9469 | D:10     | Reached skill level 5 in Translocations
  9618 | D:10     | XOM: polymorph orc -> river rat
  9645 | D:11     | XOM: give mutation
  9645 | D:11     | Gained mutation: You are clumsy. (Dex -2) [Xom's mischief]
  9658 | D:10     | HP: 1/105 [entropy weaver (10)]
  9658 | D:10     | Mangled by an entropy weaver

Vault maps used:
D:1:      lemuel_arrival_hallway, feat_on_display
D:2:      patterned_corridor
D:3:      led_sif_pool, minmay_overflow_temple_hex,
          nicolae_overflow_hidden_temple
D:4:      first_bread
D:5:      temple_statues, nicolae_gozag_seed_capital, uniq_duvessa
D:6:      enter_ossuary_1, lightli_sewer_entry_pipes, fedhas_altar_1,
          uniq_grinder, uniq_prince_ribbit1
D:7:      wad_river_or_something, old_standard_altar, serial_shops, shop,
          minmay_ruffians, uniq_pikel
D:8:      nicolae_overflow_crystal_walls, blue_anna_alchemist
D:9:      kennysheep_little_box, serial_shops, nicolae_shop_statue_plus,
          grunt_ministairs_9
D:10:     grunt_lair_entry_orc_guard_hut, lightli_fourway_metalbox
D:11:     lab_entry_generic, uniq_maud, uniq_snorg, uniq_maurice
Ossuary:  ossuary_zaba_flooded

Skill      XL: |  1  2  3  4  5  6  7  8  9 10 11 |
---------------+----------------------------------+-----
Unarmed Combat | 4 5 6 7 8 9 10 11 | 11.7
Dodging        | 2 3 4 5 6 |  6.1
Fighting       | 3 4 5 6 |  6.1
Armour         | 1 3 4 |  4.8
Evocations     | 1 |  1.6
Translocations | 2 5 |  5.2
Spellcasting   | 1 2 |  2.9

Action                   |  1- 3 |  4- 6 |  7- 9 | 10-12 || total
-------------------------+-------+-------+-------+-------++-------
Melee: Unarmed           |   106 |   111 |   404 |   355 ||   976
Throw: Stone             |     5 |    15 |    19 |    13 ||    52
  Use: Scroll            |     2 |     3 |    12 |     8 ||    25
       Potion            |       |     1 |       |     4 ||     5
 Stab: Distracted        |     1 |       |       |       ||     1
       Sleeping          |     1 |     1 |       |       ||     2
       Confused          |       |     1 |     2 |     1 ||     4
       Paralysed         |       |       |     2 |       ||     2
       Invisible         |       |       |       |     5 ||     5
  Eat: Chunk             |    16 |    19 |    26 |    39 ||   100
       Royal jelly       |       |       |     1 |       ||     1
       Fruit             |       |       |     1 |       ||     1
